[Event "Titled Tuesday Blitz March 22 Late 2022"]
[White "Delorme, Alban"]
[Black "Melkumyan, Hrant"]
[WhiteFideId "623636"]
[BlackFideId "13302485"]
[WhiteElo "2197"]
[BlackElo "2604"]
[Result "1/2-1/2"]
[Round "02"]
[TimeControl "180+1"]
[Date "2022.03.22"]
[WhiteClock "0:00:18"]
[BlackClock "0:00:20"]

1. d4 Nf6 2. Nf3 g6 3. g3 Bg7 4. Bg2 O-O 5. O-O d6 6. a4 Nbd7 7. Re1 c6 8. Nc3 d5 9. Bf4 Re8 10. Qd2 Nh5 11. Bh6 Bh8 12. e4 dxe4 13. Nxe4 Nhf6 14. Nxf6+ Nxf6 15. c3 Bf5 16. Ne5 Nd7 17. Bf4 Nxe5 18. Bxe5 Bxe5 19. Rxe5 Qd6 20. a5 Rad8 21. Qe3 f6 22. Rc5 Bd7 23. Rc4 e6 24. Rb4 Qc7 25. Re1 Kg7 26. h4 Bc8 27. Ra4 e5 28. dxe5 Rxe5 29. Re4 Rxe4 30. Qxe4 Rf8 31. a6 bxa6 32. Qxc6 Qxc6 33. Re7+ Rf7 34. Rxf7+ Kxf7 35. Bxc6 Ke6 36. Kf1 g5 37. Ke2 Kf5 38. Kf3 h6 39. Be4+ Ke5 40. Ke3 a5 41. f4+ gxf4+ 42. gxf4+ Kd6 43. Kd4 Be6 44. Bd3 Bf7 45. Bc4 Bg6 46. Bd3 Bf7 47. c4 Be6 48. c5+ Kc7 49. Bc4 Bg4 50. Bf7 Bh3 51. Kd5 Bg4 52. Be8 Bh3 53. c6 Bg4 54. Kc5 Bf3 55. Kb5 a4 56. Kc5 Be4 57. Bd7 Bf3 58. Be8 Be4 59. Bd7 Bf3 60. Be8 1/2-1/2


[Site "https://www.chess.com"]

[Event "Titled Tuesday Blitz March 22 Late 2022"]
[White "Demchenko, Anton"]
[Black "Silvestre, Christian"]
[WhiteFideId "4160258"]
[BlackFideId "30956269"]
[WhiteElo "2539"]
[BlackElo "2428"]
[Result "1-0"]
[Round "02"]
[TimeControl "180+1"]
[Date "2022.03.22"]
[WhiteClock "0:01:28"]
[BlackClock "0:00:12"]

1. e4 c5 2. Nf3 e6 3. d4 cxd4 4. Nxd4 a6 5. Bd3 Qc7 6. O-O Nf6 7. Qe2 d6 8. c4 b6 9. Nc3 Bb7 10. f4 Nbd7 11. b4 Be7 12. f5 e5 13. Nb3 h5 14. Kh1 b5 15. Nd5 Bxd5 16. cxd5 Nb6 17. Na5 Na4 18. Bd2 Rc8 19. Rac1 Qd7 20. Nc6 Nb2 21. Bb1 Nc4 22. Bg5 h4 23. Bxf6 Bxf6 24. Bd3 Nb6 25. Qg4 Rc7 26. Rc2 O-O 27. g3 hxg3 28. hxg3 g6 29. Rh2 Bg7 30. Qh4 Rfc8 31. f6 1-0


[Site "https://www.chess.com"]

[Event "Titled Tuesday Blitz March 22 Late 2022"]
[White "Djokic, Mihailo"]
[Black "Horcajuelo Rocamora, Martin"]
[WhiteFideId "976440"]
[BlackFideId "24573027"]
[WhiteElo "2093"]
[BlackElo "1706"]
[Result "1-0"]
[Round "02"]
[TimeControl "180+1"]
[Date "2022.03.22"]
[WhiteClock "0:00:54"]
[BlackClock "0:01:03"]

1. e4 e5 2. Nf3 Nc6 3. Nc3 Nf6 4. Bb5 Bc5 5. Nxe5 Nxe5 6. d4 Bd6 7. f4 Neg4 8. e5 c6 9. Be2 Bc7 10. Bxg4 Nxg4 11. Qxg4 O-O 12. O-O f5 13. Qf3 d6 14. Re1 dxe5 15. dxe5 Be6 16. Be3 Qe7 17. Qf2 b6 18. Rad1 Rad8 19. a3 Qf7 20. Qf3 c5 21. Rxd8 Rxd8 22. Rd1 Rxd1+ 23. Qxd1 Qd7 24. Qxd7 Bxd7 25. Nd5 Bd8 26. c4 Kf7 27. g3 Ke6 28. Kf2 Bc6 29. Nc3 a6 30. b4 cxb4 31. axb4 a5 32. b5 Be4 33. Nxe4 fxe4 34. Bd4 Bc7 35. Ke3 Kf5 36. h3 h5 37. g4+ hxg4 38. hxg4+ Kxg4 39. Kxe4 a4 40. e6 Bd6 41. Bxb6 a3 42. Bd4 a2 43. Bxg7 Kh5 44. b6 Kg4 45. b7 Kh5 46. Ba1 Kg6 47. Kd5 Bxf4 48. c5 Bb8 49. Kc6 Kh7 50. e7 1-0


[Site "https://www.chess.com"]

[Event "Titled Tuesday Blitz March 22 Late 2022"]
[White "Dolzhykova, Kateryna"]
[Black "Do Valle Cardoso, Lucas"]
[WhiteFideId "14113414"]
[BlackFideId "2163144"]
[WhiteElo "2184"]
[BlackElo "2331"]
[Result "1-0"]
[Round "02"]
[TimeControl "180+1"]
[Date "2022.03.22"]
[WhiteClock "0:00:05"]
[BlackClock "0:00:03"]

1. e4 c5 2. Nf3 d6 3. Bb5+ Nc6 4. O-O g6 5. d4 cxd4 6. Qxd4 Nf6 7. e5 dxe5 8. Bxc6+ bxc6 9. Qxd8+ Kxd8 10. Nxe5 Be6 11. Nxc6+ Ke8 12. Nd4 Bc4 13. Re1 Bg7 14. Nd2 Ba6 15. c3 e6 16. Ne4 Nxe4 17. Rxe4 Kd7 18. Re1 e5 19. Nb3 Bc4 20. Be3 Rhb8 21. Rad1+ Ke8 22. Bd4 f6 23. f4 Bxb3 24. axb3 Rxb3 25. fxe5 f5 26. Re2 Rab8 27. Rdd2 a5 28. e6 Bh6 29. Rc2 a4 30. g3 R8b5 31. Kg2 Ke7 32. c4 Ra5 33. c5 Rd3 34. c6 Ra8 35. c7 Rc8 36. Bc5+ Ke8 37. Bb4 Rd4 38. Be1 Rd6 39. Rc4 Ra6 40. Bc3 Ra7 41. Be5 Ra5 42. Rc6 Rb5 43. Bf6 Rb7 44. Rec2 Bf8 45. R2c4 Ra7 46. Rd4 Be7 47. Bxe7 Kxe7 48. Rd7+ Ke8 49. Rxh7 Raa8 50. Rd6 Ra7 51. Rdd7 Rb7 52. Rh8# 1-0


[Site "https://www.chess.com"]

[Event "Titled Tuesday Blitz March 22 Late 2022"]
[White "Donchenko, Alexander"]
[Black "Manukyan, Sargis A."]
[WhiteFideId "24603295"]
[BlackFideId "13303970"]
[WhiteElo "2539"]
[BlackElo "2187"]
[Result "1/2-1/2"]
[Round "02"]
[TimeControl "180+1"]
[Date "2022.03.22"]
[WhiteClock "0:00:25"]
[BlackClock "0:00:22"]

1. d4 d5 2. c4 e6 3. Nf3 Nf6 4. g3 Be7 5. Bg2 O-O 6. O-O dxc4 7. Qc2 a6 8. a4 Bd7 9. Qxc4 Bc6 10. Bg5 b5 11. Qc2 Be4 12. Qc1 b4 13. Nbd2 Bd5 14. Qc2 h6 15. Bf4 c5 16. dxc5 Nbd7 17. c6 Rc8 18. c7 Qe8 19. Nb3 Nh5 20. Bd2 Bd6 21. e4 Ba8 22. Qd3 Qe7 23. Rfd1 Bxc7 24. Qxa6 Bxe4 25. Nfd4 Bxg2 26. Kxg2 Ne5 27. Qe2 Nf6 28. Bf4 Ng6 29. Bxc7 Rxc7 30. a5 Nd5 31. Qf3 Qg5 32. Kh1 Rfc8 33. a6 Ra7 34. h4 Nxh4 35. gxh4 Qxh4+ 36. Kg1 Nf4 37. Nb5 Raa8 38. a7 Qg5+ 39. Kh2 Qh4+ 40. Kg1 Qg5+ 41. Kh1 Qh4+ 42. Kg1 1/2-1/2


[Site "https://www.chess.com"]

[Event "Titled Tuesday Blitz March 22 Late 2022"]
[White "Fedoseev, Vladimir"]
[Black "Rozman, Levy"]
[WhiteFideId "24130737"]
[BlackFideId "2039877"]
[WhiteElo "2726"]
[BlackElo "2376"]
[Result "1-0"]
[Round "02"]
[TimeControl "180+1"]
[Date "2022.03.22"]
[WhiteClock "0:01:40"]
[BlackClock "0:00:35"]

1. g3 g6 2. Bg2 Bg7 3. h4 d5 4. h5 gxh5 5. c4 dxc4 6. Na3 Nc6 7. Nxc4 e5 8. d3 Be6 9. Qa4 Bd5 10. Nf3 a6 11. Ne3 Be6 12. Ng5 Bd7 13. Nd5 Nd4 14. Qc4 Ne6 15. Nxe6 Bxe6 16. Nxc7+ Kd7 17. Nxe6 fxe6 1-0


[Site "https://www.chess.com"]

[Event "Titled Tuesday Blitz March 22 Late 2022"]
[White "Fernandez Siles, Luis"]
[Black "Gledura, Benjamin"]
[WhiteFideId "2209420"]
[BlackFideId "712779"]
[WhiteElo "2212"]
[BlackElo "2326"]
[Result "1-0"]
[Round "02"]
[TimeControl "180+1"]
[Date "2022.03.22"]
[WhiteClock "0:00:10"]
[BlackClock "0:00:05"]

1. d4 d5 2. c4 dxc4 3. e4 b5 4. a4 c6 5. axb5 cxb5 6. Nc3 Qb6 7. Nd5 Qb7 8. Bf4 e5 9. Bxe5 Nc6 10. Bg3 Nf6 11. Be2 Nxd5 12. exd5 Bb4+ 13. Kf1 Ne7 14. d6 Nd5 15. Bf3 O-O 16. Ne2 Be6 17. Nc3 Rfd8 18. Ne4 Qb6 19. h4 h6 20. h5 Rac8 21. Qc1 Qxd4 22. Rh4 Qd3+ 23. Kg1 c3 24. bxc3 Bxc3 25. Rxa7 Bd4 26. Qa3 Qb1+ 27. Kh2 Bxa7 28. Qxa7 Rc1 29. Be5 Rh1+ 30. Kg3 Rxh4 31. Kxh4 Qb4 32. g4 Qb3 33. Kg3 f6 34. Qa5 Rd7 35. Qa8+ Kf7 36. Nc5 Qc4 37. Nxd7 1-0


[Site "https://www.chess.com"]

[Event "Titled Tuesday Blitz March 22 Late 2022"]
[White "Fiol, Fabrice"]
[Black "Vine, Elzbieta"]
[WhiteFideId "611670"]
[BlackFideId "1119320"]
[WhiteElo "2438"]
[BlackElo "1835"]
[Result "1-0"]
[Round "02"]
[TimeControl "180+1"]
[Date "2022.03.22"]
[WhiteClock "0:00:44"]
[BlackClock "0:00:04"]

1. e4 c5 2. Nf3 d6 3. Bb5+ Nc6 4. O-O Bg4 5. h3 Bh5 6. c3 Nf6 7. Re1 e6 8. d3 Be7 9. Nbd2 O-O 10. Nf1 Ne5 11. g4 Nxf3+ 12. Qxf3 Bg6 13. Ng3 a6 14. Ba4 b5 15. Bc2 d5 16. e5 Nd7 17. Qg2 Qc7 18. f4 h6 19. f5 exf5 20. gxf5 Bh7 21. Bf4 Qb6 22. e6 Nf6 23. exf7+ Rxf7 24. Re6 Qd8 25. Rae1 Kf8 26. Be5 Nd7 27. d4 Nxe5 28. dxe5 d4 29. Be4 Rc8 30. Kh1 dxc3 31. bxc3 b4 32. f6 1-0


[Site "https://www.chess.com"]

[Event "Titled Tuesday Blitz March 22 Late 2022"]
[White "Fishbein, Alexander"]
[Black "Hakobyan, Aram"]
[WhiteFideId "2000377"]
[BlackFideId "13306677"]
[WhiteElo "2442"]
[BlackElo "2557"]
[Result "1/2-1/2"]
[Round "02"]
[TimeControl "180+1"]
[Date "2022.03.22"]
[WhiteClock "0:00:06"]
[BlackClock "0:00:08"]

1. e4 e5 2. Nf3 Nc6 3. Bb5 a6 4. Ba4 Nf6 5. O-O b5 6. Bb3 Bc5 7. d3 d6 8. h3 h6 9. a3 g5 10. Be3 Rg8 11. Bd5 Nxd5 12. exd5 Bxe3 13. fxe3 Ne7 14. d4 g4 15. hxg4 Bxg4 16. Qe1 Nf5 17. dxe5 Bxf3 18. Rxf3 Nh4 19. Rg3 Rxg3 20. Qxg3 Ng6 21. e6 Qg5 22. Qxg5 hxg5 23. exf7+ Kxf7 24. Nc3 Ne5 25. Rf1+ Kg6 26. b3 Ng4 27. e4 Re8 28. Re1 Kf6 29. b4 Ke5 30. a4 Kd4 31. Ne2+ Kc4 32. axb5 axb5 33. Ng3 Nf6 34. Re2 Kxb4 35. Kf2 Kc3 36. Kf3 b4 37. Nf5 Re5 38. g4 Nd7 39. Re3+ Kc4 40. Rb3 Nc5 41. Re3 Re8 42. Nh6 Ra8 43. Ke2 Ra2 44. Kd1 Na4 45. Nf7 Nc3+ 46. Kd2 Ra1 47. Rd3 Nxe4+ 48. Ke3 Re1+ 49. Kf3 Nc5 50. Rd2 Rf1+ 51. Rf2 Rxf2+ 52. Kxf2 Kc3 53. Nxg5 Kxc2 54. Ne6 b3 55. Nd4+ Kd3 56. Nxb3 Nxb3 57. g5 Nc5 58. Kf3 Kd4 59. g6 Nd7 60. Kf4 Nf6 61. Kf5 Ng8 62. Ke6 Nh6 63. g7 Ke4 64. Kf6 Kxd5 65. Kg6 Ng8 66. Kf7 Nh6+ 67. Kg6 Ng8 68. Kf7 Nh6+ 69. Kg6 1/2-1/2


[Site "https://www.chess.com"]

[Event "Titled Tuesday Blitz March 22 Late 2022"]
[White "Garriga Cazorla, Pere"]
[Black "Grischuk, Alexander"]
[WhiteFideId "32011601"]
[BlackFideId "4126025"]
[WhiteElo "2458"]
[BlackElo "2762"]
[Result "1-0"]
[Round "02"]
[TimeControl "180+1"]
[Date "2022.03.22"]
[WhiteClock "0:01:24"]
[BlackClock "0:00:50"]

1. d4 e6 2. c4 b6 3. e4 Bb4+ 4. Bd2 Bxd2+ 5. Qxd2 d5 6. cxd5 exd5 7. e5 Ne7 8. f4 O-O 9. Nf3 c5 10. Be2 Nbc6 11. O-O Bg4 12. dxc5 bxc5 13. h3 Bxf3 14. Bxf3 Nd4 15. Nc3 Nxf3+ 16. Rxf3 d4 17. Ne4 Qd5 18. Re1 Nf5 19. b3 Rfd8 20. Rd3 a5 21. Qd1 Rac8 22. Qg4 Qe6 23. Rc1 Rd5 24. Nf6+ Kh8 25. Nxd5 h6 26. Nb6 Rb8 27. Nc4 a4 28. Nd6 g6 29. Nxf5 gxf5 30. Qh4 axb3 31. axb3 Rb5 32. Qd8+ 1-0


[Site "https://www.chess.com"]

[Event "Titled Tuesday Blitz March 22 Late 2022"]
[White "Godzwon, Iwo"]
[Black "Lopez Del Alamo, Antonio"]
[WhiteFideId "21802483"]
[BlackFideId "2227339"]
[WhiteElo "2201"]
[BlackElo "2082"]
[Result "1-0"]
[Round "02"]
[TimeControl "180+1"]
[Date "2022.03.22"]
[WhiteClock "0:01:18"]
[BlackClock "0:00:02"]

1. e4 c5 2. Nf3 e6 3. d4 cxd4 4. Nxd4 Nf6 5. Nc3 Nc6 6. Ndb5 d6 7. Bf4 e5 8. Bg5 a6 9. Bxf6 gxf6 10. Na3 b5 11. Nd5 Bg7 12. g3 Ne7 13. c4 O-O 14. Bg2 Nxd5 15. cxd5 f5 16. exf5 Bxf5 17. O-O Bg6 18. Nc2 f5 19. Nb4 f4 20. Nc6 Qd7 21. Qe2 Rae8 22. Be4 Bxe4 23. Qxe4 f3 24. Kh1 Rf6 25. Rg1 Rh6 26. Qxf3 e4 27. Qe2 Qh3 28. Rg2 Rf8 29. Qxe4 Kh8 30. Qe2 Qf5 31. Rd1 Be5 32. f4 Bg7 33. Qc2 Qh3 34. b3 Rg6 35. Qe2 Rh6 36. Qe4 Rhf6 37. Nd4 Rxf4 38. gxf4 Bxd4 39. Qxd4+ Rf6 40. Qxf6# 1-0


[Site "https://www.chess.com"]

[Event "Titled Tuesday Blitz March 22 Late 2022"]
[White "Goltsev, Dmitry"]
[Black "Yoo, Christopher Woojin"]
[WhiteFideId "24176710"]
[BlackFideId "30909694"]
[WhiteElo "2273"]
[BlackElo "2105"]
[Result "0-1"]
[Round "02"]
[TimeControl "180+1"]
[Date "2022.03.22"]
[WhiteClock "0:00:02"]
[BlackClock "0:00:03"]

1. e4 c5 2. Nf3 e6 3. d4 cxd4 4. Nxd4 Nf6 5. Nc3 Nc6 6. Be2 d6 7. O-O Bd7 8. Bg5 a6 9. Qd2 Be7 10. Rad1 O-O 11. f4 Qc7 12. Nxc6 Bxc6 13. Bf3 Rfd8 14. Kh1 b5 15. a3 a5 16. Rfe1 b4 17. Nb1 d5 18. e5 Ne4 19. Bxe4 dxe4 20. Qe3 Bxg5 21. fxg5 Qxe5 22. c3 Qb5 23. axb4 axb4 24. Rc1 Rd3 25. Qf4 e3 26. cxb4 Qd5 27. Rg1 Rd8 28. Rce1 Qd4 29. Qc7 Qc4 30. Qg3 Qxb4 31. Re2 Qd4 32. Nc3 e5 33. h4 Qf4 34. Qh3 Bd7 35. Qh2 Bg4 36. Ree1 Rd2 37. b4 Qxb4 38. Rxe3 Qd4 39. Qxe5 Qxe5 40. Rxe5 Be6 41. Rf1 R2d4 42. Ne4 R8d5 43. Rb1 h6 44. g6 Kf8 45. Rb8+ Ke7 46. Rb7+ Rd7 47. Rxd7+ Rxd7 48. Nc5 Rd1+ 49. Kh2 Kd6 50. Nxe6 fxe6 51. Ra5 Ke7 52. h5 Kf6 53. g4 Rd5 54. Ra7 Kg5 55. Rxg7 Kxg4 56. Ra7 Rxh5+ 57. Kg2 Rg5 58. g7 Kf5+ 59. Kf3 Kf6 60. Kf4 Rxg7 61. Ra8 e5+ 62. Ke4 Rg4+ 63. Kf3 Rf4+ 64. Kg3 h5 65. Rh8 h4+ 66. Kh3 Kf5 67. Rf8+ Ke4 68. Ra8 Ke3 69. Ra3+ Kf2 70. Ra2+ Kf3 71. Ra3+ Ke4 72. Ra4+ Kf5 73. Ra5 Rf3+ 74. Kxh4 Kf4 75. Ra8 e4 76. Re8 e3 77. Rf8+ Ke4 78. Re8+ Kd3 79. Kg4 Rf7 80. Rd8+ Kc2 81. Rc8+ Kd2 82. Rd8+ Ke1 83. Kg3 e2 84. Kg2 Rg7+ 85. Kh2 Rg5 86. Rd7 Kf2 87. Rf7+ Ke3 88. Re7+ Kf3 89. Rf7+ Ke4 90. Rf1 Rh5+ 91. Kg3 exf1=Q 92. Kg4 Qf3# 0-1


[Site "https://www.chess.com"]

[Event "Titled Tuesday Blitz March 22 Late 2022"]
[White "Golubev, Mikhail"]
[Black "Perez Rodriguez, Jennifer"]
[WhiteFideId "14100983"]
[BlackFideId "3507831"]
[WhiteElo "2374"]
[BlackElo "2170"]
[Result "1-0"]
[Round "02"]
[TimeControl "180+1"]
[Date "2022.03.22"]
[WhiteClock "0:01:08"]
[BlackClock "0:00:53"]

1. d4 Nf6 2. c4 e6 3. Nf3 b6 4. g3 Bb7 5. Bg2 Be7 6. O-O O-O 7. Re1 d6 8. Nc3 c5 9. d5 exd5 10. cxd5 b5 11. e4 b4 12. Nb1 Nbd7 13. Nbd2 Ne8 14. Nc4 Nb6 15. Na5 Qc7 16. Nxb7 Qxb7 17. e5 dxe5 18. d6 Nxd6 19. Nxe5 Qc7 20. Bxa8 Rxa8 21. Qf3 Bf6 22. Bf4 Rd8 23. Rad1 Bxe5 24. Bxe5 Nbc4 25. Bf4 1-0


[Site "https://www.chess.com"]

[Event "Titled Tuesday Blitz March 22 Late 2022"]
[White "Golubka, Petro"]
[Black "Dobrov, Vladimir"]
[WhiteFideId "14114224"]
[BlackFideId "4136594"]
[WhiteElo "2346"]
[BlackElo "2614"]
[Result "1-0"]
[Round "02"]
[TimeControl "180+1"]
[Date "2022.03.22"]
[WhiteClock "0:00:07"]
[BlackClock "0:00:05"]

1. d4 Nf6 2. Bg5 e6 3. Nd2 h6 4. Bf4 d5 5. e3 c5 6. c3 Bd6 7. Bg3 Nc6 8. Ngf3 O-O 9. Bb5 Ne7 10. dxc5 Bxc5 11. Bd3 b6 12. Bh4 Bb7 13. Bxf6 gxf6 14. Qc2 Rc8 15. O-O-O Kg7 16. g4 Ng6 17. h4 Ne5 18. Nxe5 fxe5 19. g5 Rh8 20. gxh6+ Rxh6 21. h5 e4 22. Rhg1+ Kf8 23. Nxe4 dxe4 24. Bxe4 Qc7 25. Qa4 Bxe4 26. Qxe4 b5 27. Qg4 Ke7 28. Qg5+ Rf6 29. Rg4 Rh8 30. Rf4 Rh6 31. Rxf6 Rxf6 32. h6 Bb6 33. h7 Qh2 34. Qxb5 Qxh7 35. Qb4+ Ke8 36. Qb5+ Kf8 37. Qb4+ Kg7 38. Rg1+ Rg6 39. Rxg6+ Qxg6 40. Kd2 Qg2 41. Ke2 Qd5 42. a4 Qh5+ 43. Kd2 Qf5 44. Ke2 Qc2+ 45. Ke1 Qc1+ 46. Ke2 Qc2+ 47. Kf1 Qd3+ 48. Ke1 Qd5 49. Ke2 Kf6 50. Qh4+ Qg5 51. Qb4 Qh5+ 52. Ke1 Qd5 53. Qh4+ Kg6 54. Ke2 Qh5+ 55. Qxh5+ Kxh5 56. b4 Kg5 57. Kd3 Kg4 58. c4 Kf3 59. c5 Bc7 60. a5 Kxf2 61. a6 f5 62. b5 e5 63. b6 Bb8 64. bxa7 Bxa7 65. c6 e4+ 66. Kc4 f4 67. c7 fxe3 68. c8=Q e2 69. Qf5+ Ke3 70. Qg5+ Kf3 71. Qh5+ Ke3 72. Qh6+ Kf3 73. Qc1 Bf2 74. Kd5 e1=Q 75. Qxe1 Bxe1 76. a7 e3 77. a8=Q e2 78. Kc4+ Ke3 79. Qe8+ Kd2 80. Qd7+ Ke3 81. Qe6+ Kd2 82. Qd5+ Ke3 83. Qd3+ Kf2 84. Qf5+ Ke3 85. Qg5+ Kf3 86. Kd3 Bg3 87. Qh5+ 1-0


[Site "https://www.chess.com"]

[Event "Titled Tuesday Blitz March 22 Late 2022"]
[White "Goryachkina, Aleksandra"]
[Black "Smirnov, Pavel"]
[WhiteFideId "4147103"]
[BlackFideId "4123425"]
[WhiteElo "2426"]
[BlackElo "2545"]
[Result "1-0"]
[Round "02"]
[TimeControl "180+1"]
[Date "2022.03.22"]
[WhiteClock "0:00:04"]
[BlackClock "0:00:09"]

1. e4 e5 2. Nf3 Nc6 3. d4 exd4 4. Bc4 Nf6 5. O-O Nxe4 6. Re1 d5 7. Bxd5 Qxd5 8. Nc3 Qd7 9. Nxe4 Be7 10. Bg5 O-O 11. Bxe7 Qxe7 12. Nxd4 Bd7 13. Qh5 h6 14. Nc5 Qd8 15. Rad1 Nxd4 16. Rxd4 Re8 17. Red1 Qe7 18. h3 Bc6 19. Nd3 Rad8 20. Rxd8 Rxd8 21. Re1 Qf6 22. Re3 Rd5 23. Qe2 Rg5 24. f3 Kh7 25. Ne5 h5 26. Qd3+ g6 27. Qe2 Rf5 28. Nxf7 Bd5 29. Ne5 Qb6 30. Kh1 Qxb2 31. Nd3 Qa1+ 32. Kh2 Qg7 33. Re7 Rf7 34. Re5 Bxa2 35. Qe4 c6 36. Rxh5+ Kg8 37. Rg5 Rf6 38. Ne5 Bf7 39. f4 1-0


[Site "https://www.chess.com"]

[Event "Titled Tuesday Blitz March 22 Late 2022"]
[White "Hartikainen, Jarmo"]
[Black "Milosevic, Milos"]
[WhiteFideId "503134"]
[BlackFideId "964875"]
[WhiteElo "2106"]
[BlackElo "2237"]
[Result "0-1"]
[Round "02"]
[TimeControl "180+1"]
[Date "2022.03.22"]
[WhiteClock "0:00:15"]
[BlackClock "0:01:44"]

1. e4 c5 2. Nf3 Nc6 3. d4 cxd4 4. Nxd4 Nf6 5. Nc3 e5 6. Ndb5 d6 7. Bg5 Be7 8. Bxf6 Bxf6 9. Nd5 O-O 10. Nbc7 Rb8 11. Nxf6+ Qxf6 12. Bd3 Qd8 13. Nd5 Ne7 14. c4 Nxd5 15. cxd5 f5 16. exf5 Bxf5 17. O-O Bxd3 18. Qxd3 Qb6 19. b3 Rf4 20. Rad1 Rd4 21. Qh3 Rf4 22. Qe6+ Kh8 23. Rc1 Rbf8 24. Rc8 Rxf2 25. Qxd6 Rxf1# 0-1


[Site "https://www.chess.com"]

[Event "Titled Tuesday Blitz March 22 Late 2022"]
[White "Ibarra Jerez, Jose Carlos"]
[Black "Taboas Rodriguez, Daniel"]
[WhiteFideId "2226332"]
[BlackFideId "2208466"]
[WhiteElo "2626"]
[BlackElo "2429"]
[Result "1-0"]
[Round "02"]
[TimeControl "180+1"]
[Date "2022.03.22"]
[WhiteClock "0:00:09"]
[BlackClock "0:00:28"]

1. e4 e6 2. d4 d5 3. Nc3 Nc6 4. e5 f6 5. Bb5 Bd7 6. Nf3 Qe7 7. O-O Qf7 8. Re1 O-O-O 9. Rb1 Nge7 10. b4 Nf5 11. Bxc6 Bxc6 12. b5 Bd7 13. a4 Kb8 14. a5 Rc8 15. Qd3 Be7 16. Bf4 Ka8 17. b6 cxb6 18. axb6 a6 19. Ra1 Rc4 20. Nd2 Rhc8 21. Nxc4 Rxc4 22. Ne2 Qg6 23. exf6 Bxf6 24. c3 Nxd4 25. Qxg6 Nxe2+ 26. Rxe2 hxg6 27. Be5 Rc6 28. Rb1 Bxe5 29. Rxe5 Rxc3 30. Re3 Rc8 31. Rf3 e5 32. Rf7 Bf5 33. Re1 d4 34. g4 Bc2 35. Rxe5 d3 36. Rd7 Kb8 37. Red5 Ba4 38. Rd8 Bb5 39. f4 Bc6 40. Rxd3 a5 41. Rxc8+ Kxc8 42. Kf2 a4 43. Ke3 Bb5 44. Rc3+ Kd7 45. Kd4 Kd6 46. Re3 Bd7 47. h3 Be6 48. Kc3 a3 49. Re2 a2 50. Re1 Kc5 51. Kb2 Bd5 52. Re7 Kxb6 53. Rxg7 Be4 54. Kxa2 Kc5 55. Kb2 Kd4 56. Re7 b5 57. Kb3 Bg2 58. h4 Bh3 59. h5 gxh5 60. gxh5 Bf5 61. h6 Bb1 62. Kb4 Kd5 63. h7 Kd6 64. Rg7 1-0


[Site "https://www.chess.com"]

[Event "Titled Tuesday Blitz March 22 Late 2022"]
[White "Iskusnyh, Sergei"]
[Black "Yuan, Qingyu"]
[WhiteFideId "4120027"]
[BlackFideId "8609772"]
[WhiteElo "2492"]
[BlackElo "2359"]
[Result "1-0"]
[Round "02"]
[TimeControl "180+1"]
[Date "2022.03.22"]
[WhiteClock "0:00:17"]
[BlackClock "0:00:11"]

1. d4 Nf6 2. c4 g6 3. g3 c6 4. Bg2 d5 5. e3 Bg7 6. Ne2 O-O 7. O-O b6 8. b3 Ba6 9. Nd2 Nbd7 10. Ba3 Rc8 11. Rc1 Re8 12. Nc3 e5 13. Re1 exd4 14. exd4 Nf8 15. Rxe8 Qxe8 16. cxd5 cxd5 17. Nxd5 Rxc1 18. Qxc1 Nxd5 19. Bxd5 Bxd4 20. Ne4 Bc8 21. Bxf7+ Qxf7 22. Qxc8 Bg7 23. Ng5 Qd5 24. h4 h6 25. Nh3 Qe6 26. Qxe6+ Nxe6 27. Kf1 Kf7 28. Ng1 Nd4 29. Ne2 Nf3 30. Bc1 g5 31. hxg5 hxg5 32. g4 Bf6 33. Kg2 Ne5 34. f3 Nd3 35. Bd2 Ke6 36. Ng3 Kd5 37. Ne4 Be7 38. Bxg5 Bxg5 39. Nxg5 Nc1 40. Ne4 Nxa2 41. g5 a5 42. Kg3 Ke6 43. Kg4 Nc1 44. f4 Nxb3 45. f5+ Kf7 46. g6+ Kg7 47. Kg5 Nd4 48. f6+ Kf8 49. Kh6 Nf5+ 50. Kh7 a4 51. g7+ Nxg7 52. fxg7+ Ke7 53. g8=Q a3 54. Qb3 b5 55. Qxb5 Ke6 56. Qa5 a2 57. Qxa2+ Ke5 58. Kg6 Kf4 59. Qe2 Ke5 60. Ng5+ Kf4 61. Qe4+ Kg3 62. Qf3+ Kh2 63. Qe2+ Kg3 64. Qf3+ Kh4 65. Qh3# 1-0


[Site "https://www.chess.com"]

[Event "Titled Tuesday Blitz March 22 Late 2022"]
[White "Jacobson, Brandon"]
[Black "Maltsevskaya, Aleksandra"]
[WhiteFideId "30901561"]
[BlackFideId "24174041"]
[WhiteElo "2362"]
[BlackElo "2241"]
[Result "1-0"]
[Round "02"]
[TimeControl "180+1"]
[Date "2022.03.22"]
[WhiteClock "0:00:20"]
[BlackClock "0:00:02"]

1. Nf3 d5 2. e3 c5 3. c4 e6 4. cxd5 exd5 5. d4 Nf6 6. Nc3 Nc6 7. Bb5 a6 8. Bxc6+ bxc6 9. O-O Bg4 10. Qa4 Bd7 11. Ne5 Bd6 12. b3 cxd4 13. exd4 O-O 14. Ba3 Qe7 15. Bxd6 Qxd6 16. Qa5 Rfe8 17. Na4 Ng4 18. Nxg4 Bxg4 19. Rfe1 h5 20. Qc3 h4 21. h3 Bf5 22. Nc5 Qg6 23. Kh2 Qd6+ 24. Kh1 a5 25. Rxe8+ Rxe8 26. Re1 Rxe1+ 27. Qxe1 Qf4 28. Qe3 Qd6 29. Qe8+ Kh7 30. Qxf7 Qf4 31. Qh5+ Kg8 32. Qe8+ Kh7 33. Qe3 Qd6 34. Qg5 Bg6 35. Qxh4+ Kg8 36. Qg3 Qf6 37. Nd7 Qxd4 38. Qxg6 Qxf2 39. Qe8+ Kh7 40. Nf8+ Kg8 41. Ne6+ Kh7 42. Qh5+ Kg8 43. Qd1 c5 44. Qxd5 1-0


[Site "https://www.chess.com"]

[Event "Titled Tuesday Blitz March 22 Late 2022"]
[White "Jaferian, Koosha"]
[Black "Kosteniuk, Alexandra"]
[WhiteFideId "12507440"]
[BlackFideId "4128125"]
[WhiteElo "2030"]
[BlackElo "2469"]
[Result "0-1"]
[Round "02"]
[TimeControl "180+1"]
[Date "2022.03.22"]
[WhiteClock "0:00:02"]
[BlackClock "0:00:34"]

1. e4 c6 2. d4 d5 3. exd5 cxd5 4. Bd3 Nc6 5. c3 Nf6 6. Bf4 Bg4 7. Qb3 Qd7 8. Nd2 e6 9. Ngf3 Bxf3 10. Nxf3 Bd6 11. Bxd6 Qxd6 12. O-O O-O 13. Rae1 Qc7 14. Qd1 Rfe8 15. Ne5 Nxe5 16. Rxe5 Nd7 17. Re3 Nf8 18. Qg4 f5 19. Qe2 Qf7 20. Re1 Re7 21. Qc2 Ng6 22. Qb3 b6 23. Bf1 f4 24. Rh3 e5 25. dxe5 Rxe5 26. Rxe5 Nxe5 27. Qc2 g6 28. Qd2 Rd8 29. Qd4 Qf5 30. Bd3 Qf6 31. Kf1 Kg7 32. a4 h5 33. g3 f3 34. Rh4 Ng4 35. h3 Qxd4 36. cxd4 Rc8 37. Ke1 Re8+ 38. Kf1 Nf6 39. Rf4 Ne4 40. Rxf3 Nd2+ 41. Kg2 Nxf3 42. Kxf3 Re1 43. Bb5 Kf6 44. Bc6 Re4 45. Bxd5 Rxd4 46. Bc6 Rb4 47. Bb5 Rxb2 48. g4 Rb3+ 49. Kg2 hxg4 50. hxg4 g5 51. Bd7 Ke5 52. Bb5 Kf4 53. Bd7 a6 0-1


[Site "https://www.chess.com"]

[Event "Titled Tuesday Blitz March 22 Late 2022"]
[White "Jeet, Jain"]
[Black "Gatterer, Florian"]
[WhiteFideId "5073022"]
[BlackFideId "811688"]
[WhiteElo "2085"]
[BlackElo "2218"]
[Result "1/2-1/2"]
[Round "02"]
[TimeControl "180+1"]
[Date "2022.03.22"]
[WhiteClock "0:00:18"]
[BlackClock "0:00:16"]

1. d4 Nf6 2. Nf3 d5 3. Bf4 c5 4. e3 Nc6 5. c3 Qb6 6. Qb3 c4 7. Qxb6 axb6 8. Nbd2 b5 9. a3 h6 10. Rc1 Bf5 11. Be2 e6 12. O-O Be7 13. Ne5 Nxe5 14. Bxe5 O-O 15. Rfe1 Ne4 16. Nxe4 Bxe4 17. f3 Bg6 18. g4 Rfd8 19. Bf1 f5 20. h3 Bd6 21. Bxd6 Rxd6 22. Bg2 Rf8 23. e4 f4 24. h4 dxe4 25. Bf1 e3 26. Red1 Rfd8 27. a4 Bd3 28. Bxd3 cxd3 29. Rxd3 e5 30. axb5 exd4 31. c4 b6 32. b4 Kf7 33. c5 Rd5 34. Kf1 Ke6 35. Ke2 Ke5 36. Kf1 Rc8 37. Rc4 bxc5 38. bxc5 Rcxc5 39. Rdxd4 Rxc4 40. Rxc4 Rd1+ 41. Ke2 Rd2+ 42. Ke1 g5 43. hxg5 hxg5 44. Rb4 Rd7 45. b6 Rb7 46. Rb5+ Kd4 47. Rb4+ Kd3 48. Rb5 Kc4 1/2-1/2


[Site "https://www.chess.com"]

[Event "Titled Tuesday Blitz March 22 Late 2022"]
[White "Karavaeva, Olga"]
[Black "Rangel, Daniel"]
[WhiteFideId "4124111"]
[BlackFideId "2124475"]
[WhiteElo "2105"]
[BlackElo "2225"]
[Result "0-1"]
[Round "02"]
[TimeControl "180+1"]
[Date "2022.03.22"]
[WhiteClock "0:02:17"]
[BlackClock "0:01:49"]

1. c4 Nf6 2. Nc3 g6 3. g3 Bg7 4. Bg2 O-O 5. Nf3 d6 6. O-O c6 7. d4 Bf5 8. h3 Ne4 9. Kh2 Nxc3 10. bxc3 c5 11. Ng5 Nc6 12. e4 Bc8 13. Be3 b6 14. Qd2 Ba6 15. e5 Rc8 16. exd6 exd6 17. Bd5 Na5 18. Nxf7 Rxf7 19. Bxf7+ Kxf7 20. dxc5 dxc5 21. Qd5+ Qxd5 22. cxd5 Bxf1 23. Rxf1 Bxc3 0-1


[Site "https://www.chess.com"]